 Dungeon Crawl Stone Soup version 0.27.1-3-gb3d3a73c9e (webtiles) character file.

Game seed: 7622222194812856086

16916 makewrite the Carver (level 12, -3/108 HPs)
             Began as a Minotaur Monk on Oct 23, 2021.
             Was an Elder of Yredelemnul.
             Killed from afar by a smoke demon (5 damage)
             ... with a ball of steam
             ... summoned by a boggart
             ... in a Gauntlet on Oct 24, 2021.
             The game lasted 00:53:26 (16269 turns).

makewrite the Carver (Minotaur Monk)               Turns: 16269, Time: 00:53:28

Health: -3/108     AC: 24    Str: 21    XL:     12   Next: 14%
Magic:  16/16      EV:  7    Int:  7    God:    Yredelemnul [****..]
Gold:   646        SH:  0    Dex: 19    Spells: 11/11 levels left

rFire    . . .     SeeInvis .   a - +9 scimitar (flame)
rCold    . . .     Faith    +   g - +2 kite shield
rNeg     . . .     Spirit   .   l - +0 plate armour
rPois    .         Reflect  .   (helmet restricted)
rElec    .         Harm     .   t - +0 cloak
rCorr    .         Rampage  .   e - +2 pair of gloves
Will     .....     NoTele   +   p - +2 pair of boots
Stlth    ..........             r - amulet of faith
HPRegen  0.28/turn              s - +6 ring of dexterity {fw}
MPRegen  0.15/turn              (no ring)

@: confused, lethally poisoned (-3 -> -11), slowed, very slow
A: horns 2, retaliatory headbutt
a: Renounce Religion, Recall Undead Slaves, Injury Mirror, Animate Dead, Drain
Life


You were in a Gauntlet.
You worshipped Yredelemnul.
Yredelemnul was greatly pleased with you.
You visited 1 branch of the dungeon, and saw 12 of its levels.
You also visited: Gauntlet.

You collected 646 gold pieces.

Inventory:

Hand Weapons
 a - a +9 scimitar of flaming (weapon)
 b - the +5 short sword of Qafi Nur {vorpal, rPois Dex+4 Stlth-}
   (You found it on level 4 of the Dungeon)

   It inflicts extra damage upon your enemies.
   Dex:       It affects your dexterity (+4).
   rPois:     It protects you from poison.
   Stlth:     It makes you less stealthy.
 q - the +3 short sword of Shrieking Terror {flame, Fly Int+3}
   (You found it on level 5 of the Dungeon)

   It burns those it strikes, dealing additional fire damage.
   Int:       It affects your intelligence (+3).
   Fly:       It grants you flight.
Missiles
 m - 15 boomerangs
 n - 81 poisoned darts
Armour
 e - a +2 pair of gloves (worn)
 g - a +2 kite shield (worn)
 l - a +0 plate armour (worn)
 p - a +2 pair of boots (worn)
 t - a +0 cloak (worn)
Jewellery
 c - an amulet of regeneration
 f - a ring of protection from fire
 r - an amulet of faith (around neck)
 s - a +6 ring of dexterity (left hand) {fw}
 w - a ring of willpower
Wands
 o - a wand of mindburst (9) (quivered)
Scrolls
 j - 5 scrolls of teleportation
 u - 7 scrolls of identify
 v - a scroll of amnesia
 x - a scroll of fog {unknown}
Potions
 d - a potion of mutation
 h - 2 potions of curing
 i - 5 potions of brilliance
 k - 2 potions of magic


   Skills:
 + Level 10.8 Fighting
 - Level 14.0 Long Blades
 - Level 2.0 Throwing
 + Level 12.7 Armour
 - Level 3.2 Dodging
 - Level 1.5 Stealth
 + Level 7.5 Shields
 + Level 6.9 Invocations
 + Level 0.9 Evocations


You had 11 spell levels left.
You didn't know any spells.
Your spell library contained the following spells:

 Spells                   Type           Power      Damage    Failure   Level
 Foxfire                  Conj/Fire      0%         2x1d4     100%        1
 Freeze                   Ice            0%         1d3       100%        1
 Magic Dart               Conj           0%         1d3       100%        1
 Call Imp                 Summ           0%         N/A       100%        2
 Slow                     Hex            0%         N/A       100%        2
 Confusing Touch          Hex            0%         N/A       100%        3
 Conjure Flame            Conj/Fire      0%         6-21      100%        3
 Frozen Ramparts          Ice            0%         1d2       100%        3
 Ignite Poison            Fire/Tmut/Pois 0%         N/A       100%        3
 Inner Flame              Hex/Fire       0%         N/A       100%        3
 Mephitic Cloud           Conj/Pois/Air  0%         N/A       100%        3
 Hailstorm                Conj/Ice       0%         3d3       100%        4
 Bolt of Magma            Conj/Fire/Erth 0%         4d4       100%        5
 Yara's Violent Unravell  Hex/Tmut       0%         3d3       100%        5


Dungeon Overview and Level Annotations

Branches:
Dungeon (12/15)            Temple (0/1) D:7            Lair (0/6) D:11
    Orc (0/2) D:10        Gauntlet (1/1)

Altars:
Ashenzari
Cheibriados
Dithmenos
Elyvilon
Fedhas
Gozag
Qazlal
Sif Muna
Uskayaw
Wu Jian
Xom
Yredelemnul
Zin
Jiyva

Annotations:
Gauntlet 17 transporters, 21 runed translucent doors


Innate Abilities, Weirdness & Mutations

You have a pair of horns on your head.
You reflexively headbutt those who attack you in melee.


Message History

The torpor snail blinks!
The fire bat blinks!
The shadow imp blinks!
The worldbinder blinks!
The ufetubus blinks!
The fire bat blinks!
The killer bee blinks!
You blink.
The jumping spider leaps!
The smoke demon hits you but does no damage. x2
The smoke demon hits you.
* * * LOW HITPOINT WARNING * * *
The worldbinder fails to trigger a net trap.
The killer bee stings you.
* * * LOW HITPOINT WARNING * * *
You are more poisoned.
The killer bee poisons you! The torpor snail bites you.
* * * LOW HITPOINT WARNING * * *
The smoke demon hits you but does no damage.
The smoke demon hits you.
* * * LOW HITPOINT WARNING * * *
The smoke demon hits you but does no damage.
Unknown command.
You bump into the translucent stone wall.
* * * LOW HITPOINT WARNING * * *
You feel very sick.
The fire bat fails to trigger a net trap.
The fire bat bites you but does no damage.
The killer bee stings you but does no damage.
Something enters a dispersal trap!
The ufetubus blinks!
The fire bat blinks! x3
The torpor snail blinks!
The fire bat blinks!
The shadow imp blinks!
The killer bee blinks!
The smoke demon blinks!
You blink.
The shadow imp hits you but does no damage.
The worldbinder hits you but does no damage. x2
The killer bee enters a dispersal trap!
Something launches a net on you.
You become entangled in the net!
The jumping spider leaps!
The jumping spider enters a dispersal trap!
The tarantella blinks!
The smoke demon blinks!
The shadow imp blinks!
The fire bat blinks!
The killer bee blinks!
The worldbinder blinks!
The torpor snail blinks!
The tarantella blinks!
You blink.
The jumping spider leaps!
The fire bat blinks!
The tarantella blinks!
The smoke demon blinks!
You blink.
The smoke demon gestures at you. The ball of steam hits you.
You die...
Your body rises from the dead as a mindless zombie.

##### ### ### ### #§∩≈# ### ###
### # #8# #8# #8# #...# #8# #8#
#8# #
##############.∩.################
.................................
...............©.................
#########.###########.###########
........#.#§.§..@§y.#.#..+..+...#
#.....#.#.#§§5§§.§§§#.#..+..+...#
.##.##..#.#§§#b§.#§.#.#++#++##..#
.##.##.D#.#§§§§§§.○.#.#..+...+.$#
.#.©.#..#.#.§§.©§..3#.#©.#...+.©#
.##.##.D#.#.wy§.°§b.#.#..+...+.$#
.## ##..#.#.^#§§§#x.#.#++#++##.5#
#.. ..#h#.#§.b.§§^.^#.#..+..+..5#
........#.#.§(.5§=§.#.#..+. +..3#


You could see a worldbinder, 2 fire bats, a killer bee (summoned) and an
ufetubus (summoned).

Vanquished Creatures
  Erica (D:10)
  4 two-headed ogres
  A deep elf pyromancer (D:11)
  A slime creature (D:9)
  A manticore (D:11)
  Joseph (D:8)
  Maggie (D:9)
  An unseen horror (D:10)
  2 trolls
  A meliai zombie (D:11)
  3 shadows
  Sigmund (D:2)
  6 yaks
  A wyvern (D:8)
  3 vampire mosquitoes
  An acid dragon (D:8)
  4 water moccasins
  4 orc warriors
  3 black bears
  2 ogres
  The ghost of smzp the Insei, an amateur MfTm (D:3)
  2 centaurs
  4 kobold brigands
  7 bullfrogs
  3 scorpions
  A water moccasin zombie (D:5)
  2 water moccasin skeletons
  A wyvern skeleton (D:6)
  13 killer bees
  3 wights (D:8)
  3 howler monkeys
  A bullfrog zombie (D:6)
  A centaur skeleton (D:5)
  2 orc priests
  2 bullfrog skeletons (D:5)
  4 centaur zombies
  6 jellies
  4 quasits (D:3)
  4 hounds
  Jessica (D:3)
  Natasha (thrice) (D:2)
  3 orc wizards
  3 killer bee zombies
  A hound zombie (D:5)
  A hound skeleton (D:4)
  A mummy (D:6)
  8 adders
  10 gnolls
  2 white imps (D:7)
  2 dart slugs
  18 orcs
  3 bats
  10 endoplasms
  2 giant cockroaches
  4 goblins
  5 hobgoblins
  2 jackals (D:2)
  14 kobolds
  3 ball pythons
  3 frilled lizards (D:2)
  5 rats
210 creatures vanquished.

Vanquished Creatures (collateral kills)
  A boulder beetle (D:12)
  The ghost of kalagan the Thaumaturge, a journeyman DECj of Sif Muna (D:8)
  A cyclops (D:11)
  A centaur zombie (D:11)
  A kobold demonologist (D:11)
  A slime creature (D:9)
  A wraith (D:11)
  3 yaks
  A vampire mosquito (D:11)
  2 black bears
  A centaur (D:8)
  13 kobold brigands
  A scorpion (D:11)
  A bullfrog (D:11)
  A killer bee (D:9)
  2 wights (D:8)
  4 jellies (D:9)
  An orc priest (D:9)
  An orc (D:9)
  9 kobolds
47 creatures vanquished.

Vanquished Creatures (others)
  7 flying skulls
  A wight (D:12)
  An orc priest (D:9)
  2 yak zombies (D:9)
  An adder zombie (D:6)
  2 bullfrog zombies (D:8)
  2 howler monkey zombies (D:6)
  3 killer bee zombies (D:9)
  7 kobold zombies
  An orc skeleton (D:10)
  2 orc zombies
  18 demonic plants (Gauntlet)
  35 fungi (D:11)
  49 plants
131 creatures vanquished.

Grand Total: 388 creatures vanquished

Notes
Turn   | Place    | Note
-------+----------+-------------------------------------------
     0 | D:1      | makewrite the Minotaur Monk began the quest for the Orb.
     0 | D:1      | Reached XP level 1. HP: 19/19 MP: 0/0
   128 | D:1      | Reached skill level 4 in Long Blades
   157 | D:1      | Reached XP level 2. HP: 24/27 MP: 1/1
   890 | D:2      | Noticed Sigmund
  1120 | D:2      | Noticed Natasha
  1126 | D:2      | Noticed a crimson imp
  1129 | D:2      | Killed Natasha
  1130 | D:2      | Reached skill level 5 in Long Blades
  1130 | D:2      | Reached XP level 3. HP: 23/33 MP: 2/2
  1182 | D:2      | Noticed Natasha
  1192 | D:2      | Killed Natasha
  1193 | D:2      | Reached XP level 4. HP: 35/40 MP: 3/3
  1406 | D:2      | Noticed Natasha
  1420 | D:2      | Killed Natasha
  1513 | D:2      | Reached skill level 6 in Long Blades
  1764 | D:2      | Killed Sigmund
  1765 | D:2      | Reached skill level 7 in Long Blades
  1765 | D:2      | Reached skill level 1 in Armour
  1765 | D:2      | Reached XP level 5. HP: 17/47 MP: 4/4
  1875 | D:2      | Reached XP level 6. HP: 55/55 MP: 5/5
  2110 | D:3      | Reached skill level 5 in Fighting
  2388 | D:3      | Found a transporter.
  2403 | D:3      | Noticed smzp's ghost (amateur MfTm)
  2417 | D:3      | Found a transporter.
  2779 | D:3      | Noticed Jessica
  2784 | D:3      | Killed Jessica
  2785 | D:3      | Reached skill level 1 in Throwing
  2789 | D:3      | Found a shimmering blue altar of Sif Muna.
  2904 | D:3      | Found a faded altar of an unknown god.
  2904 | D:3      | Found a blossoming altar of Fedhas.
  2911 | D:3      | Found a basalt altar of Yredelemnul.
  2913 | D:3      | Found a faded altar of an unknown god.
  2915 | D:3      | Found a hide-covered altar of Uskayaw.
  3575 | D:3      | Reached skill level 8 in Long Blades
  3575 | D:3      | Reached XP level 7. HP: 57/61 MP: 6/6
  3742 | D:3      | Killed smzp's ghost
  3924 | D:5      | Entered Level 5 of the Dungeon
  4108 | D:4      | Identified the +5 short sword of Qafi Nur {vorpal, rPois
                  | Dex+4 Stlth-}
  4164 | D:5      | Reached skill level 9 in Long Blades
  4412 | D:5      | Identified the +3 short sword of Shrieking Terror {flame,
                  | Fly Int+3}
  4434 | D:5      | Reached XP level 8. HP: 68/70 MP: 7/7
  4711 | D:5      | Reached skill level 5 in Armour
  4818 | D:3      | Became a worshipper of Yredelemnul the Dark
  4818 | D:3      | Reached * piety under Yredelemnul
  4818 | D:3      | Reached ** piety under Yredelemnul
  5092 | D:4      | Reached skill level 10 in Long Blades
  6173 | D:5      | Reached skill level 13 in Long Blades
  6173 | D:5      | Reached XP level 9. HP: 83/83 MP: 7/11
  6210 | D:5      | Found a broken altar of Ashenzari.
  6751 | D:6      | You fall into a shaft and drop 2 floors!
  6936 | D:8      | Noticed Joseph
  7005 | D:8      | Killed Joseph
  7642 | D:6      | Reached skill level 5 in Invocations
  7642 | D:6      | Reached XP level 10. HP: 91/91 MP: 12/12
  7694 | D:6      | Reached skill level 1 in Shields
  7835 | D:6      | Found an opulent altar of Gozag.
  7884 | D:6      | Found a snail-covered altar of Cheibriados.
  7907 | D:6      | Found a stormy altar of Qazlal.
  8028 | D:6      | Found an ornate altar of the Wu Jian Council.
  8287 | D:7      | Found a staircase to the Ecumenical Temple.
  8362 | D:7      | Found a glowing silver altar of Zin.
  8391 | D:7      | Found a white marble altar of Elyvilon.
  8391 | D:7      | Found a shimmering altar of Xom.
  8656 | D:7      | Reached *** piety under Yredelemnul
 10057 | D:9      | Noticed Maggie
 10147 | D:9      | Found a viscous altar of Jiyva.
 10553 | D:9      | Reached **** piety under Yredelemnul
 10603 | D:9      | Killed Maggie
 10924 | D:9      | Reached skill level 10 in Armour
 10933 | D:9      | Found a runed translucent gate.
 10934 | D:9      | Found a runed translucent gate.
 10936 | D:9      | Found a runed translucent gate.
 10936 | D:9      | Noticed kalagan's ghost (journeyman DECj)
 11076 | D:9      | Received a gift from Yredelemnul (3 flying skulls)
 11582 | D:9      | Found a viscous altar of Jiyva.
 12047 | D:9      | HP: 3/92 [kalagan's ghost/bolt of magma (25)]
 12449 | D:8      | Killed kalagan's ghost
 12450 | D:8      | Reached skill level 14 in Long Blades
 12450 | D:8      | Reached XP level 11. HP: 20/98 MP: 14/14
 12976 | D:10     | Entered Level 10 of the Dungeon
 12988 | D:10     | Noticed a two-headed ogre
 13244 | D:10     | Killed a two-headed ogre
 13245 | D:10     | Reached skill level 5 in Shields
 13412 | D:10     | Noticed Erica
 13436 | D:10     | HP: 4/99 [orc priest/divine providence (12)]
 13438 | D:10     | Killed Erica
 13439 | D:10     | Reached skill level 10 in Fighting
 13779 | D:10     | Found a staircase to the Orcish Mines.
 14384 | D:10     | Found a shadowy altar of Dithmenos.
 14577 | D:11     | Noticed a deep elf pyromancer
 14629 | D:10     | Received a gift from Yredelemnul (2 flying skulls)
 14812 | D:11     | Noticed a two-headed ogre
 14813 | D:11     | Found a broken altar of Ashenzari.
 14820 | D:11     | Killed a two-headed ogre
 15002 | D:11     | Found a staircase to the Lair.
 15065 | D:11     | Killed a deep elf pyromancer
 15097 | D:11     | Received a gift from Yredelemnul (3 flying skulls)
 15348 | D:11     | Noticed a soul eater
 15389 | D:11     | Received a gift from Yredelemnul (a mummy)
 15399 | D:11     | Reached XP level 12. HP: 37/108 MP: 15/15
 15887 | D:12     | Noticed a two-headed ogre
 15888 | D:12     | Noticed a boulder beetle
 15894 | D:12     | Killed a two-headed ogre
 15894 | D:12     | Received a gift from Yredelemnul (a wight)
 15901 | D:12     | Noticed a two-headed ogre
 15908 | D:12     | Killed a two-headed ogre
 15911 | D:12     | Killed a boulder beetle
 15920 | D:12     | Found a gate leading to a gauntlet.
 15950 | Gauntlet | Entered a Gauntlet
 15950 | Gauntlet | Found a transporter.
 15960 | Gauntlet | Found a transporter.
 16003 | Gauntlet | Found a transporter.
 16009 | Gauntlet | Noticed a death scarab
 16010 | Gauntlet | Found a transporter.
 16059 | Gauntlet | Found a large runed translucent door.
 16060 | Gauntlet | Found a large runed translucent door.
 16061 | Gauntlet | Found a large runed translucent door.
 16061 | Gauntlet | Found a large runed translucent door.
 16061 | Gauntlet | Found a runed translucent door.
 16061 | Gauntlet | Found a runed translucent door.
 16062 | Gauntlet | Found a large runed translucent door.
 16063 | Gauntlet | Found a large runed translucent door.
 16064 | Gauntlet | Found a large runed translucent door.
 16064 | Gauntlet | Found a large runed translucent door.
 16065 | Gauntlet | Found a runed translucent gate.
 16065 | Gauntlet | Found a runed translucent gate.
 16065 | Gauntlet | Found a runed translucent gate.
 16067 | Gauntlet | Found a transporter.
 16078 | Gauntlet | Found a large runed translucent door.
 16079 | Gauntlet | Found a large runed translucent door.
 16080 | Gauntlet | Found a large runed translucent door.
 16084 | Gauntlet | Found a transporter.
 16091 | Gauntlet | Found a transporter.
 16092 | Gauntlet | Noticed a green death
 16108 | Gauntlet | Found a transporter.
 16126 | Gauntlet | Found a transporter.
 16134 | Gauntlet | Noticed a green death
 16138 | Gauntlet | Found a transporter.
 16150 | Gauntlet | Found a transporter.
 16162 | Gauntlet | Found a transporter.
 16162 | Gauntlet | Noticed a death scarab
 16174 | Gauntlet | Found a transporter.
 16243 | Gauntlet | Found a transporter.
 16244 | Gauntlet | Found a transporter.
 16244 | Gauntlet | Found a transporter.
 16244 | Gauntlet | Found a large runed translucent door.
 16244 | Gauntlet | Found a large runed translucent door.
 16244 | Gauntlet | Found a large runed translucent door.
 16244 | Gauntlet | Found a large runed translucent door.
 16244 | Gauntlet | Found a transporter.
 16244 | Gauntlet | Found a transporter.
 16260 | Gauntlet | Found a large runed translucent door.
 16268 | Gauntlet | HP: 5/108 [smoke demon[a boggart] (4)]
 16269 | Gauntlet | HP: 2/108 [poisoned by a killer bee]
 16269 | Gauntlet | Killed from afar by a smoke demon

Illustrated notes

Levels and vault maps discovered:
D:1:      roderic_crossed_star, layout_basic
D:2:      layout_basic, minmay_stone_trees_small, st_stairs_13,
          minmay_pentomino_u4, uniq_sigmund, uniq_natasha
D:3:      layout_loops_ring, tgw_sif, chequers_temple_overflow_minitemple,
          gammafunk_ghost_stat_death
D:4:      layout_layer_cave, minmay_misc_feat_rugged
D:5:      layout_basic, mainiacjoe_overflow_boulevard, chequers_big_river,
          minmay_curled_crystal, minmay_strange_pillars
D:6:      layout_cave_pools, nicolae_qazlal_style_of_elements,
          general_overflow_altar, nicolae_wu_jian_immortal_techniques,
          slow_altar_1
D:7:      layout_cave_pools, mainiacjoe_overflow_alcove_2,
          gammafunk_temple_overflow_statue, minmay_temple_entry_waves
D:8:      cheibrodos_quashed, layout_loops_ring, uniq_joseph
D:9:      layout_loops_ring, gammafunk_ghost_ooze, jiyva_altar_1, uniq_maggie
D:10:     layout_loops_cross, grunt_dithmenos_shadows, david_orc_3,
          grunt_ministairs_13, lightli_orcish_oven, uniq_erica
D:11:     layout_cave_pools, due_lair_maze_entry_diamond, special_room
          [special_room_kobold], ashenzari_altar_1
D:12:     layout_cave_pools, gauntlet_entry_generic,
          nicolae_trove_entry_crystal, nicolae_hepliaklqana_hippocampus
Gauntlet: gammafunk_gauntlet_one_two_three [gammafunk_gauntlet_arena_hedges,
          nicolae_gauntlet_arena_blocks,
          minmay_gauntlet_arena_make_your_own_arena,
          gammafunk_gauntlet_arena_corners, nicolae_gauntlet_arena_flowing_pool,
          nicolae_gauntlet_arena_quarters, gammafunk_gauntlet_arena_grid,
          nicolae_gauntlet_arena_x, gammafunk_gauntlet_arena_teeth,
          gauntlet_exit_watery]

Skill      XL: |  1  2  3  4  5  6  7  8  9 10 11 |
---------------+----------------------------------+-----
Long Blades    | 4 5 7 8 9 13 14 | 14.0
Fighting       | 4 5 6 9 10 | 10.8
Armour         | 1 2 4 8 9 10 12 | 12.7
Throwing       | 2 |  2.0
Invocations    | 4 5 6 |  6.9
Shields        | 4 7 |  7.5
Dodging        | |  3.2
Stealth        | |  1.5
Evocations     | |  0.9

Action                   |  1- 3 |  4- 6 |  7- 9 | 10-12 || total
-------------------------+-------+-------+-------+-------++-------
Melee: Falchion          |    50 |   103 |    75 |   216 ||   444
       Headbutt          |    11 |    18 |    39 |   130 ||   198
       Short sword       |       |       |    77 |    93 ||   170
       Scimitar          |       |       |       |   132 ||   132
Throw: Dart              |       |    25 |    63 |     7 ||    95
       Boomerang         |       |     1 |     5 |     2 ||     8
Invok: Animate Remains   |       |       |     3 |     5 ||     8
       Animate Dead      |       |       |       |    24 ||    24
       Recall Undead Sla |       |       |       |     2 ||     2
       Drain Life        |       |       |       |     1 ||     1
Evoke: Wand              |       |       |       |    15 ||    15
  Use: Scroll            |     1 |     2 |     9 |    17 ||    29
       Potion            |       |     1 |     4 |     6 ||    11
 Stab: Sleeping          |     3 |       |       |       ||     3
       Distracted        |       |       |       |     3 ||     3
Armor: Robe              |     3 |       |       |       ||     3
       Leather armour    |     3 |       |       |       ||     3
       Ring mail         |       |    78 |    73 |     8 ||   159
       Skin              |       |       |     4 |       ||     4
       Plate armour      |       |       |       |   278 ||   278
Dodge: Dodged            |    25 |    89 |   104 |   113 ||   331
Block: Kite shield       |       |       |    20 |   274 ||   294
       Rpst.: Falchion   |     5 |    11 |    11 |    14 ||    41
       Scimitar          |       |       |       |    14 ||    14
